 Dungeon Crawl Stone Soup version 0.31-a0-654-gbe3e110b4e (webtiles) character file.

Game seed: 14069646069698123211

285 kae the Firebug (level 6, -1/32 HPs)
             Began as a Tengu Fire Elementalist on Aug 29, 2023.
             Slain by a gnoll sergeant
             ... wielding a +0 spear
              (11 damage)
             ... on level 4 of the Dungeon.
             The game lasted 00:03:03 (3816 turns).

kae the Firebug (Tengu Fire Elementalist)           Turns: 3816, Time: 00:03:04

Health: -1/32      AC:  3    Str: 11    XL:     6   Next: 29%
Magic:  5/11       EV: 14    Int: 24    God:
Gold:   204        SH:  0    Dex: 14    Spells: 8/11 levels left

rFire   . . .        k - +9 long sword of Soej {flame, +Blink rC+ Str+3}
rCold   + . .        (no shield)
rNeg    . . .        a - +1 robe
rPois   .            (helmet restricted)
rElec   .            (no cloak)
rCorr   .            (no gloves)
SInv    .            (boots unavailable)
Will    +....        (no amulet)
Stlth   ++           I - +6 ring of intelligence
HPRegen 0.25/turn    h - ring of willpower
MPRegen 0.12/turn

%: no passive effects
@: flying quickly and evasively, quick
A: beak, talons 3, nimble flight
a: Evoke Blink


You were on level 4 of the Dungeon.
You visited 1 branch of the dungeon, and saw 4 of its levels.

You collected 204 gold pieces.


Innate Abilities, Weirdness & Mutations

You have a beak for a mouth.
You have claws for feet.
Your magical nature lets you fly swiftly and evasively.


   Skills:
 + Level 2.5 Long Blades
 - Level 2.1 Dodging
 - Level 2.0 Stealth
 + Level 3.2 Spellcasting
 - Level 3.0 Conjurations
 * Level 5.6 Fire Magic


You had 8 spell levels left.
You knew the following spells:

 Your Spells              Type           Power      Damage    Failure   Level
a - Foxfire               Conj/Fire      96%        2x1d8     1%          1
b - Scorch                Fire           62%        2d7       1%          2

Your spell library contained the following spells:

 Spells                   Type           Power      Damage    Failure   Level
 Inner Flame              Hex/Fire       17%        N/A       10%         3
 Volatile Blastmotes      Fire/Tloc      34%        2d12      10%         3
 Necrotise                Necr           12%        1d4       11%         1
 Slow                     Hex            12%        N/A       11%         1
 Poisonous Vapours        Pois/Air       6%         N/A       16%         2
 Flame Wave               Conj/Fire      24%        2d8       19%         4
 Mephitic Cloud           Conj/Pois/Air  8%         N/A       22%         3
 Confusing Touch          Hex            3%         N/A       32%         3
 Summon Guardian Golem    Hex/Summ       3%         N/A       32%         3
 Vampiric Draining        Necr           3%         2d6       32%         3
 Fulminant Prism          Conj/Hex       5%         3d6       50%         4
 Iskenderun's Mystic Bla  Conj/Tloc      11%        2d4       50%         4
 Freezing Cloud           Conj/Ice/Air   4%         6-21      89%         5
 Agony                    Necr           3%         N/A       96%         5
 Orb of Destruction       Conj           9%         9d6       100%        7
 Spellforged Servitor     Conj/Summ      5%         N/A       100%        7

Inventory:

Hand Weapons
 k - the +9 long sword of Soej (weapon) {flame, +Blink rC+ Str+3}
   (You found it on level 2 of the Dungeon)

   Str+3:     It affects your strength (+3).
   rC+:       It protects you from cold.
   +Blink:    It lets you blink.
Missiles
 e - 5 datura-tipped darts
 g - 54 stones
 n - 6 poisoned darts
Armour
 a - a +1 robe (worn)
Magical Staves
 t - a staff of conjuration {!a}
   (You found it on level 3 of the Dungeon)
Jewellery
 h - a ring of willpower (right hand)
   (You found it on level 1 of the Dungeon)
 F - a ring of fire
   (You found it on level 4 of the Dungeon)
 I - a +6 ring of intelligence (left hand)
   (You found it on level 2 of the Dungeon)
 T - an amulet of faith {!P}
   (You found it on level 1 of the Dungeon)
Wands
 c - a wand of polymorph (4)
   (You found it on level 4 of the Dungeon)
Scrolls
 f - a scroll of fear {unknown}
 i - a scroll of vulnerability {!r!r}
Potions
 b - a potion of magic
 d - 5 potions of curing {@q1}
 j - 2 potions of haste {unknown}
 l - a potion of berserk rage {unknown}
 m - 3 potions of degeneration {unknown}
 o - a potion of ambrosia {unknown}
 p - a potion of brilliance
 s - 2 potions of invisibility

Dungeon Overview and Level Annotations

Branches:
Dungeon (4/15) Zot: 20253
 Temple: D:4-7

Altars:

Annotations:
D:4 Sigmund #.....#.......... #.....#.......... #### ##..###..####+### #..## ##..###..####.### #.g.# #................ gg.

#........).......
##'#######..##...##...##.
#..##..#ยง...##...#######.
#..)..g.@ยง...#....'...###
#.....g.ยงยง...#....#...##.
#..######.####.####...##.
#####..##.####.####...##.
#..................###
#..................##.
##....)##.............
##.....##...##........
#......##...##)....##'


You could see a gnoll sergeant and a gnoll (combustible).


Message History

No target in view!
No target in view!
You now have 204 gold pieces (gained 6).
You reach down and open the door.
There is an open door here.
You see here a +0 short sword.
You reach down and open the door.
A gnoll sergeant and 4 gnolls come into view.
The gnoll sergeant shouts!
There are monsters nearby!
There are monsters nearby!
There are monsters nearby!
The gnoll shouts! x2; You hear a shout!
Okay, then.
Okay, then.
Okay, then.
Aiming: Charm
Press: ? - help, Shift-Dir - straight line, f - gnoll
Aim: a gnoll, wielding a +0 spear (chance to affect: 57%)
The gnoll is charmed.
Your gnoll hits the gnoll sergeant with a +0 spear.
The gnoll sergeant attacks as it pursues you!
The gnoll sergeant hits you from afar with a +0 spear. ๐Ÿ˜• HP[-2]
You take 2 damage, and now have 30/32 hp.
Casting: Foxfire (safe; 1% risk of failure)
Confirm with . or Enter, or press ? or * to list all spells.
Flames lash the gnoll sergeant.
The gnoll sergeant's fire resistance burns away.
You hear a shout!
The gnoll hits your gnoll with a +0 halberd!
Your gnoll dies!
The gnoll sergeant barely misses you.
The gnoll sergeant misses you. ๐Ÿ˜• MP[-2]
You lost 2 mp, and now have 9/11 mp.
Casting: Scorch (safe; 1% risk of failure)
Confirm with . or Enter, or press ? or * to list all spells.
You conjure some foxfire!
The gnoll sergeant misses you.
The foxfire hits the gnoll sergeant but does no damage. x2
The gnoll closely misses you.
The gnoll sergeant hits you from afar with a +0 spear. ๐Ÿ˜• HP[-4] MP[-1]
You take 4 damage, and now have 26/32 hp.
You lost 1 mp, and now have 8/11 mp.
Unknown command.
Casting: Foxfire (safe; 1% risk of failure)
Confirm with . or Enter, or press ? or * to list all spells.
You conjure some foxfire!
The gnoll closely misses you. The gnoll sergeant misses you.
The gnoll sergeant is no longer more vulnerable to fire.
The foxfire hits the gnoll sergeant but does no damage. x2
The gnoll barely misses you.
The gnoll sergeant barely misses you. ๐Ÿ˜• MP[-1]
You lost 1 mp, and now have 7/11 mp.
Unknown command.
Aiming: Charm
Press: ? - help, Shift-Dir - straight line, f - gnoll
Aim: a gnoll, wielding a +0 halberd (chance to affect: 57%)
The gnoll resists with significant effort.
The gnoll barely misses you.
The gnoll sergeant hits you from afar with a +0 spear! ๐Ÿ˜ฎ HP[-9]
You take 9 damage, and now have 17/32 hp.
MASSIVE DAMAGE!! (PAUSE)
Aiming: Charm
Press: ? - help, Shift-Dir - straight line, f/p - gnoll
Aim: a gnoll, wielding a +0 halberd (chance to affect: 57%)
The gnoll is charmed.
The now-empty wand crumbles to dust.
The gnoll sergeant barely misses you.
Unknown command. ๐Ÿ˜ฎ MP[+1]
The gnoll sergeant hits your gnoll with a +0 spear!
Your gnoll dies!
What are your orders? t - Shout!
Orders for allies: a - Attack new target. r - Retreat! s - Stop attacking. g - Guard the area. f - Follow me.
Anything else - Cancel.
Gang up on whom?
Press: ? - help, Dir - move target, f - gnoll sergeant
Aim: a gnoll sergeant, wielding a +0 spear and wearing a +0 ring mail (heavily wounded)
Okay, then.
Casting: Foxfire (safe; 1% risk of failure)
Confirm with . or Enter, or press ? or * to list all spells.
You conjure some foxfire!
The foxfire hits the gnoll sergeant but does no damage.
The foxfire hits the gnoll sergeant!
The gnoll sergeant hits you from afar with a +0 spear!
* * * LOW HITPOINT WARNING * * *
๐Ÿ˜จ HP[-7] MP[-1]
You take 7 damage, and now have 10/32 hp.
MASSIVE DAMAGE!! (PAUSE)
You lost 1 mp, and now have 7/11 mp.
Casting: Foxfire (safe; 1% risk of failure)
Confirm with . or Enter, or press ? or * to list all spells.
Flames lash the gnoll.
The gnoll's fire resistance burns away.
The gnoll sergeant hits you from afar with a +0 spear!
You die...

Skill      XL: |  1  2  3  4  5 |
---------------+----------------+-----
Conjurations   | 2 3 |  3.0
Fire Magic     | 4 5 |  5.6
Long Blades    | 1 2 |  2.5
Spellcasting   | 3 |  3.2
Dodging        | |  2.1
Stealth        | |  2.0

Action                     |  1- 3 |  4- 6 || total
---------------------------+-------+-------++-------
  Melee: Unarmed           |     1 |       ||     1
         Long sword        |     6 |    13 ||    19
         Kick              |     1 |     3 ||     4
         Peck              |       |     2 ||     2
   Cast: Foxfire           |    61 |    52 ||   113
         Scorch            |     1 |     7 ||     8
  Evoke: Wand              |       |     3 ||     3
    Use: Scroll            |       |     8 ||     8
   Stab: Sleeping          |     1 |       ||     1
 Armour: Robe              |     4 |     6 ||    10
  Dodge: Dodged            |    19 |    22 ||    41

Levels and vault maps discovered:
D:1:      ncdulo_lavacross, layout_basic, hangedman_abyss_or_decor_stabs,
          minmay_misc_feat_rugged, nrook_loot_triangle
D:2:      layout_loops_corners
D:3:      layout_basic, st_stairs_1, minmay_between, uniq_ijyb
D:4:      layout_gridville, sigmund_edmund_badplayer

Notes
Turn   | Place    | Note
-------+----------+-------------------------------------------
     0 | D:1      | kae the Tengu Fire Elementalist began the quest for the
                  | Orb.
     0 | D:1      | Reached XP level 1. HP: 10/10 MP: 4/4
     0 | D:1      | magus.rc [v1.11.3]
   191 | D:1      | You fall into a shaft and drop 1 floor!
   302 | D:2      | Reached skill level 2 in Conjurations
   302 | D:2      | Reached XP level 2. HP: 15/15 MP: 4/6
  1063 | D:1      | Learned a level 2 spell: Scorch
  1164 | D:2      | Reached XP level 3. HP: 16/19 MP: 1/7
  1455 | D:2      | Identified the +9 long sword of Soej {flame, +Blink rC+
                  | Str+3}
  1544 | D:2      | Identified the +5 dagger of the Filigreed God {chaos, rN+
                  | Str+2 Int-3 Dex+2}
  1761 | D:2      | Reached skill level 3 in Conjurations
  1761 | D:2      | Reached skill level 4 in Fire Magic
  1986 | D:3      | You pick up a book of Dangerous Friends and begin
                  | reading...
  1986 | D:3      | You add the spells Summon Guardian Golem, Orb of
                  | Destruction and Spellforged Servitor to your library.
  2198 | D:3      | Noticed Ijyb
  2203 | D:3      | Killed Ijyb
  2204 | D:3      | Reached skill level 1 in Long Blades
  2204 | D:3      | Reached XP level 4. HP: 24/24 MP: 4/8
  2699 | D:3      | Gained mutation: Your magical nature lets you fly swiftly
                  | and evasively. [Tengu growth]
  2699 | D:3      | Reached XP level 5. HP: 28/28 MP: 6/10
  3130 | D:4      | You pick up a book of Debilitation and begin reading...
  3130 | D:4      | You add the spells Slow, Vampiric Draining and Confusing
                  | Touch to your library.
  3170 | D:4      | You pick up a book of Blasting and begin reading...
  3170 | D:4      | You add the spells Fulminant Prism and Iskenderun's Mystic
                  | Blast to your library.
  3187 | D:4      | You pick up a book of Vapours and begin reading...
  3187 | D:4      | You add the spells Poisonous Vapours, Mephitic Cloud and
                  | Freezing Cloud to your library.
  3308 | D:4      | You pick up a book of Necromancy and begin reading...
  3308 | D:4      | You add the spells Necrotise and Agony to your library.
  3401 | D:4      | Reached skill level 5 in Fire Magic
  3574 | D:4      | Noticed Sigmund
  3581 | D:4      | Noticed Edmund
  3599 | D:4      | Killed Edmund
  3600 | D:4      | Reached skill level 2 in Long Blades
  3600 | D:4      | Reached skill level 3 in Spellcasting
  3600 | D:4      | Reached XP level 6. HP: 16/32 MP: 6/11
  3816 | D:4      | Slain by a gnoll sergeant

Vanquished Creatures
  Edmund (D:4)
  A sleepcap (D:4)
  Ijyb (D:3)
  5 adders
  A dart slug (D:1)
  5 ball pythons
  8 endoplasms
  5 giant cockroaches
  7 goblins
  4 hobgoblins
  9 jackals
  2 quokkas
  2 bats (D:1)
  5 frilled lizards
  8 kobolds
  8 rats
72 creatures vanquished.

Vanquished Creatures (others)
  2 gnolls (D:4)
  199 foxfires
201 creatures vanquished.

Grand Total: 273 creatures vanquished

Table legend:
 A = Non-vault XP
 B = Vault XP
 C = Vault XP percentage of total XP
 D = Non-vault monster count
 E = Vault monster count
 F = Vault count percentage of total count
                 A         B        C        D         E       F
            +---------+---------+-------+---------+---------+-------
      Total |     201 |     207 |  50.7 |      65 |       7 |   9.7
            +---------+---------+-------+---------+---------+-------
        D:1 |      30 |       0 |   0.0 |      19 |       0 |   0.0
        D:2 |      34 |       0 |   0.0 |      13 |       0 |   0.0
        D:3 |      76 |      45 |  37.2 |      19 |       6 |  24.0
        D:4 |      61 |     162 |  72.6 |      14 |       1 |   6.7
            +---------+---------+-------+---------+---------+-------

Skill      XL: |  1  2  3  4  5 |
---------------+----------------+-----
Conjurations   | 2 3 |  3.0
Fire Magic     | 4 5 |  5.6
Long Blades    | 1 2 |  2.5
Spellcasting   | 3 |  3.2
Dodging        | |  2.1
Stealth        | |  2.0

Action                     |  1- 3 |  4- 6 || total
---------------------------+-------+-------++-------
  Melee: Unarmed           |     1 |       ||     1
         Long sword        |     6 |    13 ||    19
         Kick              |     1 |     3 ||     4
         Peck              |       |     2 ||     2
   Cast: Foxfire           |    61 |    52 ||   113
         Scorch            |     1 |     7 ||     8
  Evoke: Wand              |       |     3 ||     3
    Use: Scroll            |       |     8 ||     8
   Stab: Sleeping          |     1 |       ||     1
 Armour: Robe              |     4 |     6 ||    10
  Dodge: Dodged            |    19 |    22 ||    41

Illustrated notes

Table legend:
 A = Kills in this place as a percentage of kills in the entire game.
 B = Kills by you in this place as a percentage of kills by you in the entire game.
 C = Kills by friends in this place as a percentage of kills by friends in the entire game.
 D = Other kills in this place as a percentage of other kills in the entire game.
 E = Experience gained in this place as a percentage of experience gained in the entire game.
 F = Experience gained in this place divided by the number of levels of this place that you have seen.
                   A       B       C       D       E      F
               +-------+-------+-------+-------+-------+----------------------
         Total | 100.0 | 100.0 |   N/A |   N/A | 100.0 | 102.0
       Dungeon | 100.0 | 100.0 |   N/A |   N/A | 100.0 | 102.0
               +-------+-------+-------+-------+-------+----------------------

Table legend: (Time is in decaauts)
 A = Elapsed time spent in this place.
 B = Non-inter-level travel time spent in this place.
 C = Inter-level travel time spent in this place.
 D = Time resting spent in this place.
 E = Time spent auto-exploring this place.
 F = Levels seen in this place.
 G = Mean time per level.
                   A        B        C        D        E       F      G
               +--------+--------+--------+--------+--------+-----+--------+
         Total |   3745 |   3623 |    122 |      0 |   3132 |   4 |  936.2 |
       Dungeon |   3745 |   3623 |    122 |      0 |   3132 |   4 |  936.2 |
               +--------+--------+--------+--------+--------+-----+--------+

Top non-repeatable levels by time:
     D:3: 1071 daAuts
     D:1: 963 daAuts
     D:2: 945 daAuts
     D:4: 765 daAuts
